 Dungeon Crawl Stone Soup version 0.25.0-33-gff14898491 (webtiles) character file.

Game seed: 13275739393465848801

7694 Aviak the Fighter (level 11, -30/88 (90) HPs)
             Began as a Demonspawn Ice Elementalist on July 7, 2020.
             Was an Initiate of Vehumet.
             Killed from afar by a wizard (63 damage)
             ... with a crystal spear
             ... on level 10 of the Dungeon.
             The game lasted 00:16:56 (10649 turns).

Aviak the Fighter (Demonspawn Ice Elementalist)    Turns: 10649, Time: 00:16:56

HP:   -30/88 (90)   AC: 12    Str:  9    XL:     11   Next: 0%
MP:   14/18         EV: 13    Int: 20    God:    Vehumet [......]
Gold: 673           SH:  0    Dex: 13    Spells: 9/20 levels left

rFire    + . .     SeeInvis .   I - +1 hand axe (vamp) {!w}
rCold    + . .     Gourm    .   (no shield)
rNeg     . . .     Faith    .   j - +1 ring mail {rF+}
rPois    +         Spirit   .   (helmet restricted)
rElec    .         Reflect  .   q - +0 cloak
rCorr    .         Harm     .   z - +0 pair of gloves
MR       .....                  y - +0 pair of boots
Stlth    +.........             m - amulet of regeneration
HPRegen  0.64/turn              P - ring of poison resistance
MPRegen  0.16/turn              C - ring of protection from cold

@: mighty, lethally poisoned (-30 -> -30)
A: horns 2, yellow scales 2, powered by death 1, powered by pain 2
a: Renounce Religion


You were on level 10 of the Dungeon.
You worshipped Vehumet.
Vehumet was noncommittal.
You were not hungry.

You visited 2 branches of the dungeon, and saw 11 of its levels.

You collected 673 gold pieces.

Inventory:

Hand Weapons
 e - a +0 short sword
 k - a +1 hand axe of draining
 I - a +1 vampiric hand axe (weapon) {!w}
Armour
 a - a +0 robe
 j - a +1 ring mail of fire resistance (worn)
 q - a +0 cloak (worn)
 y - a +0 pair of boots (worn)
 z - a +0 pair of gloves (worn)
Jewellery
 m - an amulet of regeneration (around neck)
 C - a ring of protection from cold (right hand)
 D - an uncursed amulet of the acrobat {unknown}
 G - an uncursed ring of stealth {unknown}
 M - an uncursed ring of protection from magic
 P - a ring of poison resistance (left hand)
Wands
 E - a wand of iceblast (3)
 F - a wand of random effects (18)
Scrolls
 b - 3 scrolls of magic mapping {unknown}
 d - a scroll of fog {unknown}
 h - 2 scrolls of blinking {unknown}
 i - 5 scrolls of identify
 o - 2 scrolls of amnesia {unknown}
 p - a scroll of fear {unknown}
 r - 3 scrolls of remove curse
 s - a scroll of random uselessness {unknown}
 t - 6 scrolls of teleportation
 w - 2 scrolls of enchant weapon {unknown}
 B - a scroll of noise {unknown}
 H - a scroll of enchant armour {unknown}
Potions
 c - 6 potions of curing
 f - 4 potions of haste
 l - 2 potions of cancellation
 n - a potion of flight
 u - 2 potions of mutation {unknown}
 v - a potion of might {unknown}
 x - 2 potions of stabbing {unknown}
 A - a potion of resistance {unknown}
Comestibles
 g - 20 rations


   Skills:
 - Level 10.1 Fighting
 + Level 7.3 Dodging
 - Level 1.7 Stealth
 - Level 5.0 Spellcasting
 - Level 2.0 Conjurations
 - Level 2.0 Charms
 + Level 9.3 Ice Magic


You had 9 spell levels left.
You knew the following spells:

 Your Spells              Type           Power        Failure   Level  Hunger
a - Freeze                Ice            ####         1%          1    None
b - Frozen Ramparts       Ice            #####.       1%          3    ##.....
c - Ozocubu's Armour      Chrm/Ice       ####....     10%         3    ##.....
d - Hailstorm             Conj/Ice       ####....     30%         4    ####...

Your spell library contained the following spells:

 Spells                   Type           Power        Failure   Level  Hunger
 Magic Dart               Conj           ##..         14%         1    None
 Searing Ray              Conj           ##....       22%         2    None
 Animate Skeleton         Necr           N/A          32%         1    None
 Apportation              Tloc           #.....       32%         1    None
 Corona                   Hex            #......      32%         1    None
 Summon Small Mammal      Summ           #...         32%         1    None
 Summon Ice Beast         Ice/Summ       ###.....     43%         4    ####...
 Dazzling Flash           Conj/Hex       #.....       54%         3    ##.....
 Confusing Touch          Hex            #.......     67%         3    ##.....
 Gell's Gravitas          Tloc           #.........   67%         3    ##.....
 Metabolic Englaciation   Hex/Ice        ###.......   78%         5    #####..
 Fulminant Prism          Conj/Hex       #.........   91%         4    ####...
 Iskenderun's Mystic Bla  Conj/Tloc      #.......     91%         4    ####...
 Petrify                  Tmut/Erth      #.......     97%         4    ####...
 Yara's Violent Unravell  Hex/Tmut       #.........   100%        5    #####..


Dungeon Overview and Level Annotations

Branches:
Dungeon (10/15)            Temple (1/1) D:7
   Lair: D:8-11         Orc: D:9-12

Altars:
Ashenzari
Cheibriados
Dithmenos
Elyvilon
Fedhas
Gozag
Hepliaklqana
Kikubaaqudgha
Makhleb
Nemelex Xobeh
Okawaru
Qazlal
Ru
Sif Muna
Trog
Uskayaw
Vehumet
Wu Jian
Xom
Yredelemnul
Zin
The Shining One


Innate Abilities, Weirdness & Mutations

You have a pair of horns on your head.
You are mostly covered in yellow scales. (AC +3)
You regenerate a little health from kills.
You sometimes gain power by taking damage.


Message History

The centaur wields a +0 shortbow.
The centaur shoots an arrow.
The arrow misses you.
The wizard mumbles some strange words.
The wizard seems to speed up.
Things that are here:
an arrow; a +2 dagger of venom; a +0 robe The centaur shoots an arrow.
The arrow hits you.
The centaur shoots an arrow.
The arrow hits you but does no damage. The wizard casts a spell at you.
You resist with significant effort.
Things that are here:
2 arrows; a +0 dagger; a +0 robe The centaur shoots an arrow.
The arrow hits you.
You feel sick.
The centaur shoots an arrow.
The arrow completely misses you.
The frozen ramparts melt away.
The wizard shouts, "You are history!"
The wizard points at you and mumbles some strange words.
The crystal spear hits you!!!
Ouch! That really hurt!
You die...

..... ..... . ....
#####..... .. ...
#........ ...##..
#....... ....#(.
#....# #
#......###....##.#
##.......((.).....###
#.......p.###........
.......##@###........
.......!.............
.....>...............
ยง<...#<..###........
........### ###......
........+ ......
........# ......
........# ......
#.####...


You could see a wizard (fast).

Vanquished Creatures
  A two-headed ogre (D:10)
  2 wizards (D:10)
  Pikel (D:6)
  Joseph (D:9)
  2 trolls (D:9)
  Prince Ribbit (D:6)
  Sigmund (D:3)
  A wraith (D:9)
  A hungry ghost (D:7)
  Grum (D:9)
  A water moccasin (D:8)
  3 ice beasts
  An orc warrior (D:9)
  A black bear (D:6)
  A sky beast (D:3)
  A slave (D:6)
  A phantom (D:4)
  6 ogres
  2 necrophages (D:9)
  3 wolves (D:9)
  3 centaurs
  Blork the orc (D:5)
  5 bullfrogs
  2 scorpions
  2 wights (D:9)
  5 crimson imps
  A bullfrog zombie (D:7)
  2 hounds
  A centaur zombie (D:5)
  5 jellies
  A quasit (D:9)
  A centaur skeleton (D:7)
  6 orc priests
  A human skeleton (D:9)
  A gnoll shaman (D:8)
  5 human zombies (D:9)
  An iron imp (D:5)
  An iguana (D:4)
  6 worker ants
  9 orc wizards
  A hound zombie (D:8)
  A mummy (D:9)
  5 gnolls (D:8)
  6 adders
  2 shadow imps (D:9)
  2 oozes
  4 adder skeletons
  3 worms
  A dart slug (D:2)
  6 leopard geckos
  36 orcs
  11 bats
  7 giant cockroaches
  8 goblins
  5 hobgoblins
  10 jackals
  5 quokkas
  A ball python (D:2)
  4 frilled lizards
  A goblin skeleton (D:5)
  A goblin zombie (D:5)
  3 hobgoblin zombies (D:5)
  A jackal skeleton (D:6)
  8 kobolds
  An orc skeleton (D:5)
  2 quokka skeletons
  6 rats
232 creatures vanquished.

Notes
Turn   | Place    | Note
-------+----------+-------------------------------------------
     0 | D:1      | Aviak the Demonspawn Ice Elementalist began the quest for
                  | the Orb.
     0 | D:1      | Reached XP level 1. HP: 13/13 MP: 3/3
   408 | D:1      | Gained mutation: You sometimes gain a little power by
                  | taking damage. [demonic ancestry]
   408 | D:1      | Reached XP level 2. HP: 20/20 MP: 5/5
   549 | D:1      | Reached skill level 1 in Fighting
  1151 | D:2      | Gained mutation: You are partially covered in yellow
                  | scales. (AC +2) [demonic ancestry]
  1151 | D:2      | Reached XP level 3. HP: 3/26 MP: 0/6
  1563 | D:2      | Learned a level 3 spell: Frozen Ramparts
  1939 | D:2      | Found an iron altar of Okawaru.
  2703 | D:3      | Reached skill level 2 in Fighting
  2703 | D:3      | Gained mutation: You sometimes gain power by taking damage.
                  | [demonic ancestry]
  2703 | D:3      | Reached XP level 4. HP: 32/33 MP: 3/8
  3172 | D:3      | Noticed a sky beast
  3180 | D:3      | Killed a sky beast
  3180 | D:3      | Gained mutation: You have a pair of small horns on your
                  | head. [demonic ancestry]
  3180 | D:3      | Reached XP level 5. HP: 28/39 MP: 3/9
  3493 | D:3      | Noticed Sigmund
  3518 | D:3      | Killed Sigmund
  3518 | D:3      | Reached skill level 3 in Fighting
  3518 | D:3      | Reached skill level 5 in Ice Magic
  3518 | D:3      | Reached XP level 6. HP: 20/47 MP: 1/11
  4539 | D:4      | Found a shadowy altar of Dithmenos.
  4600 | D:4      | Reached skill level 4 in Fighting
  4600 | D:4      | Reached XP level 7. HP: 37/54 MP: 11/13
  5072 | D:5      | Entered Level 5 of the Dungeon
  5189 | D:5      | Noticed Blork the orc
  5199 | D:5      | Killed Blork the orc
  5203 | D:5      | Reached skill level 5 in Spellcasting
  5281 | D:5      | Learned a level 3 spell: Ozocubu's Armour
  5286 | D:5      | Learned a level 4 spell: Hailstorm
  5312 | D:5      | Found a glowing golden altar of the Shining One.
  5331 | D:5      | Reached skill level 5 in Fighting
  5525 | D:5      | Reached skill level 1 in Conjurations
  5576 | D:5      | Reached XP level 8. HP: 54/62 MP: 12/15
  5696 | D:5      | Reached skill level 1 in Charms
  5949 | D:6      | Found a snail-covered altar of Cheibriados.
  5962 | D:6      | Noticed Prince Ribbit
  6062 | D:6      | Killed Prince Ribbit
  6062 | D:6      | Reached skill level 6 in Fighting
  6232 | D:6      | Reached skill level 7 in Fighting
  6365 | D:6      | You fall into a shaft and drop 3 floors!
  6366 | D:9      | Noticed a troll
  6380 | D:9      | Killed a troll
  6380 | D:9      | Reached skill level 8 in Fighting
  6380 | D:9      | Gained mutation: You are mostly covered in yellow scales.
                  | (AC +3) [demonic ancestry]
  6380 | D:9      | Reached XP level 9. HP: 64/75 MP: 5/16
  6492 | D:9      | Noticed a troll
  6506 | D:9      | Killed a troll
  6506 | D:9      | Reached skill level 9 in Fighting
  6539 | D:8      | Found a glowing golden altar of the Shining One.
  7091 | D:6      | Reached skill level 10 in Fighting
  7510 | D:6      | Noticed Pikel
  7519 | D:6      | Killed Pikel
  7553 | D:5      | Found a stormy altar of Qazlal.
  8003 | D:7      | Found a sparkling altar of Nemelex Xobeh.
  8131 | D:7      | Found a staircase to the Ecumenical Temple.
  8366 | Temple   | Entered the Ecumenical Temple
  8978 | D:8      | Gained mutation: You have a pair of horns on your head.
                  | [demonic ancestry]
  8978 | D:8      | Reached XP level 10. HP: 85/85 MP: 13/17
  9667 | D:9      | Reached skill level 5 in Dodging
  9742 | D:9      | Noticed Joseph
  9753 | D:9      | Killed Joseph
  9871 | D:9      | Found a radiant altar of Vehumet.
  9878 | D:9      | Became a worshipper of Vehumet
  9956 | D:9      | Noticed Grum
  9969 | D:9      | Killed Grum
 10550 | D:9      | Found an ancient bone altar of Kikubaaqudgha.
 10621 | D:10     | Entered Level 10 of the Dungeon
 10621 | D:10     | Noticed a wizard
 10621 | D:10     | Noticed a two-headed ogre
 10626 | D:10     | Noticed a wizard
 10636 | D:10     | Killed a wizard
 10636 | D:10     | Killed a wizard
 10638 | D:10     | Killed a two-headed ogre
 10638 | D:10     | Gained mutation: You regenerate a little health from kills.
                  | [demonic ancestry]
 10638 | D:10     | Reached XP level 11. HP: 37/88 MP: 12/18
 10644 | D:10     | Noticed a wizard
 10649 | D:10     | Killed from afar by a wizard

Illustrated notes

Levels and vault maps discovered:
D:1:      nagdon_arrival_zigzag_paths, layout_loops_ring,
          minmay_misc_feat_hallway
D:2:      layout_basic, okawaru_trees_1
D:3:      minmay_spotlight, layout_basic, hangedman_feature_mirror,
          minmay_misc_feat_four_crosses, uniq_sigmund
D:4:      layout_basic, marbit_many_paths, first_ration
D:5:      lemuel_upstairs_altar, layout_cave_pools,
          nicolae_tso_besieged_by_evil, uniq_blork_the_orc
D:6:      layout_basic, lemuel_crystal_altar, uniq_pikel, uniq_prince_ribbit1
D:7:      layout_layer_cave, lemuel_round_altar,
          minmay_temple_entry_glassed_door, due_unseen_surprise
D:8:      layout_cave_pods, basic_altar
D:9:      layout_basic, lemuel_mausoleum_altar_kikubaaqudgha,
          kennysheep_little_box, uniq_grum, uniq_joseph
D:10:     minmay_smoke_and_mirrors, layout_basic
Temple:   eino_temple_scatter_basement

Skill      XL: |  1  2  3  4  5  6  7  8  9 10 |
---------------+-------------------------------+-----
Fighting       | 1 2 3 4 5 8 10 | 10.1
Ice Magic      | 4 5 6 7 9 |  9.3
Spellcasting   | 3 4 5 |  5.0
Conjurations   | 1 2 |  2.0
Charms         | 2 |  2.0
Dodging        | 4 7 |  7.3
Stealth        | |  1.7

Action                   |  1- 3 |  4- 6 |  7- 9 | 10-12 || total
-------------------------+-------+-------+-------+-------++-------
Melee: Short sword       |    34 |       |       |       ||    34
       Unarmed           |     1 |       |       |       ||     1
       Hand axe          |    85 |    67 |   358 |   260 ||   770
       Headbutt          |       |     2 |    55 |    42 ||    99
 Cast: Freeze            |    32 |     8 |    14 |     1 ||    55
       Frozen Ramparts   |       |     5 |    31 |    15 ||    51
Evoke: Wand              |       |       |     4 |     1 ||     5
  Use: Potion            |     2 |     1 |     1 |       ||     4
       Scroll            |       |     6 |       |       ||     6
 Stab: Sleeping          |     6 |     5 |       |     1 ||    12
  Eat: Chunk             |     6 |     6 |    14 |     4 ||    30
       Ration            |       |       |     2 |     1 ||     3
Armor: Robe              |    38 |    20 |       |       ||    58
       Skin              |    17 |     4 |       |       ||    21
       Ring mail         |       |    13 |   212 |   107 ||   332
Dodge: Dodged            |    99 |    51 |   235 |   167 ||   552
